 Dungeon Crawl Stone Soup version 0.29.1-2-gbd0b4ee654 (webtiles) character file.

Game seed: 4166954642703298910

1274 Atarun the Skirmisher (level 8, 74/74 HPs)
             Began as a Minotaur Hunter on Nov 9, 2022.
             Was an Initiate of Yredelemnul.
             Quit the game on level 7 of the Dungeon.
             The game lasted 00:33:12 (6305 turns).

Atarun the Skirmisher (Minotaur Hunter)             Turns: 6305, Time: 00:33:12

Health: 74/74      AC: 11    Str: 16    XL:     8   Next: 28%
Magic:  9/9        EV: 10    Int:  8    God:    Yredelemnul [......]
Gold:   154        SH:  4    Dex: 14    Spells: 7/7 levels left

rFire   + . .      SeeInvis .   a - +0 shortbow (chaos)
rCold   x . .      Faith    .   (shield currently unavailable)
rNeg    . . .      Spirit   .   b - +2 scale mail {Will+}
rPois   .          Reflect  .   (helmet unavailable)
rElec   .          Harm     .   m - +0 cloak
rCorr   .          Rampage  .   (no gloves)
Will    +....                   i - +0 pair of boots
Stlth   ..........              (no amulet)
HPRegen 0.22/turn               h - ring of fire
MPRegen 0.11/turn               (no ring)

@: no status effects
A: horns 3, retaliatory headbutt, large bone plates 1, robust 1
a: Renounce Religion, Recall Undead Harvest


You were on level 7 of the Dungeon.
You worshipped Yredelemnul.
Yredelemnul was noncommittal.
You visited 1 branch of the dungeon, and saw 7 of its levels.

You collected 154 gold pieces.

Inventory:

Hand Weapons
 a - a +0 shortbow of chaos (weapon)
Armour
 b - a +2 scale mail of willpower (worn)
 i - a +0 pair of boots (worn)
 m - a +0 cloak (worn)
Jewellery
 h - a ring of fire (left hand)
 o - an amulet of guardian spirit
Wands
 c - a wand of mindburst (7)
 l - a wand of paralysis (6)
Scrolls
 g - 2 scrolls of identify
 j - a scroll of brand weapon
 k - a scroll of amnesia
 p - a scroll of teleportation
Potions
 d - a potion of haste
 e - 2 potions of flight
 f - a potion of degeneration {unknown}
 n - 2 potions of might {unknown}
 q - a potion of curing


   Skills:
 + Level 5.3 Fighting
 + Level 9.2 Ranged Weapons
 + Level 3.7 Armour
 + Level 3.2 Dodging
 - Level 1.0 Stealth
 * Level 3.3 Invocations


You had 7 spell levels left.
You didn't know any spells.
Your spell library contained the following spells:

 Spells                   Type           Power      Damage    Failure   Level
 Gell's Gravitas          Tloc           0%         N/A       99%         3
 Summon Guardian Golem    Hex/Summ       0%         N/A       99%         3
 Teleport Other           Tloc           0%         N/A       99%         3
 Dispersal                Tloc           0%         N/A       100%        6
 Orb of Destruction       Conj           0%         9d5       100%        7
 Spellforged Servitor     Conj/Summ      0%         N/A       100%        7


Dungeon Overview and Level Annotations

Branches:
Dungeon (7/15)             Temple (0/1) D:5

Altars:
Dithmenos
Elyvilon
Gozag
Trog
Yredelemnul
Zin


Innate Abilities, Weirdness & Mutations

You have a pair of large horns on your head.
You reflexively headbutt those who attack you in melee.
You are partially covered in large bone plates. (SH +4)
You are robust. (+10% HP)


Message History

Lightning courses through the bullfrog!
The bullfrog is severely wounded.
The bullfrog hits you but does no damage.
Fire: a) +0 shortbow (chaos)
Press: ? - help, Q - select action, (/) - cycle Shift-Dir - straight line, f/p - bullfrog
Aim: a bullfrog (severely wounded, ally target, 59% to hit)
You shoot an arrow. The arrow hits the bullfrog.
The arrow burns the bullfrog.
The bullfrog is almost dead.
Your bullfrog zombie closely misses the bullfrog.
The bullfrog hits you but does no damage.
Your bullfrog zombie closely misses the bullfrog.
The bullfrog hits you.
Fire: a) +0 shortbow (chaos)
Press: ? - help, Q - select action, (/) - cycle Shift-Dir - straight line, f/p - bullfrog
Aim: a bullfrog (almost dead, ally target, 59% to hit)
You shoot an arrow. The arrow hits the bullfrog.
You kill the bullfrog!
Unknown command.
HP restored.
q - a potion of curing
Found a stone staircase leading down.
You pick up a book of Dangerous Friends and begin reading...
You add the spells Summon Guardian Golem, Orb of Destruction and Spellforged Servitor to your library.
You swap places.
A bullfrog comes into view.
Fire: a) +0 shortbow (chaos)
Press: ? - help, Q - select action, (/) - cycle Shift-Dir - straight line, f - bullfrog
Aim: a bullfrog (59% to hit)
You shoot an arrow. The arrow hits the bullfrog!
The bullfrog resists with some effort.
The bullfrog is heavily wounded.
Fire: a) +0 shortbow (chaos)
Press: ? - help, Q - select action, (/) - cycle Shift-Dir - straight line, f/p - bullfrog
Aim: a bullfrog (heavily wounded, ally target, 59% to hit)
You shoot an arrow. The arrow closely misses the bullfrog.
Your bullfrog zombie hits the bullfrog.
The bullfrog misses you. You furiously retaliate!
You headbutt the bullfrog!
You kill the bullfrog!
Unknown command.
Are you sure you want to abandon this character and quit the game? (Confirm with "yes".)

#.....#..........#
#.....#..........#
#.....#..........#
#.....#..........#
#.....##........##
#..>..#..........#
#########..............#
#..........#...........##
#.#######.@.............#
#Z.............##
................#
#...............###
#.........###..####
...........###.....#
#...................#
...........#..##..<.#
..........##


You could see a friendly bullfrog zombie.

Vanquished Creatures
  Sigmund (D:5)
  Pargi (D:3)
  3 bullfrogs (D:7)
  2 scorpions
  A vampire bat (D:3)
  A jelly (D:6)
  3 hounds
  Terence (D:2)
  An orc wizard (D:3)
  Natasha (thrice) (D:2)
  3 iguanas
  3 gnolls (D:2)
  9 adders
  An ufetubus (D:6)
  2 dart slugs
  3 fire bats (D:3)
  8 orcs
  2 spectral bats (D:3)
  10 bats
  3 bat skeletons (D:3)
  A bat zombie (D:3)
  5 endoplasms
  4 giant cockroaches
  3 goblins
  6 hobgoblins
  2 jackals (D:2)
  3 quokkas
  3 ball pythons
  A bat simulacrum (D:3)
  5 frilled lizards
  5 kobolds
  3 rats
102 creatures vanquished.

Vanquished Creatures (collateral kills)
  A jelly (D:5)
  2 adders
  A shadow imp (D:5)
  A worm (D:2)
  4 orcs
  2 ball pythons
  2 goblins (D:1)
  A kobold (D:1)
  A quokka (D:2)
  2 bats (D:1)
  A rat (D:3)
18 creatures vanquished.

Vanquished Creatures (others)
  A wizard (D:5)
  A human zombie (D:5)
  A hound zombie (D:6)
  5 adder zombies
  A jelly zombie (D:5)
  A spectral shadow imp (D:5)
  3 bat zombies
  2 fire bat zombies (D:3)
  A gnoll zombie (D:2)
  A hobgoblin zombie (D:2)
  A jackal zombie (D:2)
  An orc zombie (D:6)
19 creatures vanquished.

Grand Total: 139 creatures vanquished

Notes
Turn   | Place    | Note
-------+----------+-------------------------------------------
     0 | D:1      | Atarun the Minotaur Hunter began the quest for the Orb.
     0 | D:1      | Reached XP level 1. HP: 18/18 MP: 0/0
    47 | D:1      | Gained mutation: You are partially covered in large bone
                  | plates. (SH +4) [potion of mutation]
    47 | D:1      | Gained mutation: You are robust. (+10% HP) [potion of
                  | mutation]
    47 | D:1      | Gained mutation: You have a pair of large horns on your
                  | head. [potion of mutation]
    61 | D:1      | Found a faded altar of an unknown god.
    72 | D:1      | Prayed at the altar of an unknown god.
    72 | D:1      | Became a worshipper of Yredelemnul the Dark
    72 | D:1      | Reached * piety under Yredelemnul
   160 | D:1      | Reached XP level 2. HP: 27/27 MP: 1/1
   219 | D:1      | Reached ** piety under Yredelemnul
   230 | D:1      | Reached skill level 5 in Ranged Weapons
   481 | D:2      | Found an opulent altar of Gozag.
   516 | D:2      | Reached XP level 3. HP: 27/33 MP: 2/2
   721 | D:2      | Reached XP level 4. HP: 34/40 MP: 3/3
   803 | D:2      | Noticed Natasha
   812 | D:2      | Killed Natasha
   813 | D:2      | Reached skill level 6 in Ranged Weapons
   879 | D:2      | Noticed Natasha
   888 | D:2      | Killed Natasha
  1059 | D:2      | Reached XP level 5. HP: 49/49 MP: 4/4
  1126 | D:2      | Noticed Natasha
  1136 | D:2      | Killed Natasha
  2021 | D:2      | Noticed Terence
  2032 | D:2      | Killed Terence
  2033 | D:2      | Reached skill level 1 in Armour
  2033 | D:2      | Reached skill level 1 in Stealth
  2578 | D:3      | Reached skill level 7 in Ranged Weapons
  2758 | D:3      | Reached XP level 6. HP: 57/57 MP: 2/5
  2804 | D:3      | Your ally phase bat zombie died
  2855 | D:3      | Reached skill level 1 in Invocations
  2959 | D:3      | Reached *** piety under Yredelemnul
  2974 | D:3      | Noticed Pargi
  2985 | D:3      | Killed Pargi
  3352 | D:4      | Found a white marble altar of Elyvilon.
  3425 | D:4      | Reached XP level 7. HP: 64/64 MP: 7/7
  3543 | D:4      | Reached skill level 8 in Ranged Weapons
  3977 | D:5      | Entered Level 5 of the Dungeon
  4060 | D:5      | Found a staircase to the Ecumenical Temple.
  4442 | D:5      | Identified the +8 war axe "Ischit" {flame, rCorr MP+9 Int-5
                  | Dex+6}
  4443 | D:5      | Found a bloodstained altar of Trog.
  4444 | D:5      | Noticed a wizard
  4451 | D:5      | Killed a wizard
  4560 | D:5      | Noticed Sigmund
  4880 | D:5      | Killed Sigmund
  5342 | D:6      | Reached skill level 5 in Fighting
  5576 | D:6      | Reached XP level 8. HP: 74/74 MP: 9/9
  5732 | D:6      | Found a glowing silver altar of Zin.
  5732 | D:6      | Found a shadowy altar of Dithmenos.
  5863 | D:6      | Reached skill level 9 in Ranged Weapons
  6305 | D:7      | Quit the game

Illustrated notes

Levels and vault maps discovered:
D:1:      dpeg_arrival_rhombi, layout_rooms, ebering_ecumenical_altar_ruins
D:2:      layout_basic, basic_altar, uniq_terence, uniq_natasha
D:3:      layout_basic, goddamned_bats, uniq_pargi
D:4:      layout_gridville, mainiacjoe_overflow_alcove_2
D:5:      layout_basic, trog_wizard, minmay_temple_entry_wispy,
          minmay_misc_feat_chi, uniq_sigmund
D:6:      layout_layer_cave, mainiacjoe_overflow_divided_tiny
D:7:      layout_rooms, hangedman_decor_push

Skill      XL: |  1  2  3  4  5  6  7  8 |
---------------+-------------------------+-----
Ranged Weapons | 5 6 7 8 9 |  9.2
Fighting       | 3 4 5 |  5.3
Armour         | 1 3 |  3.7
Stealth        | 1 |  1.0
Invocations    | 1 2 3 |  3.3
Dodging        | 3 |  3.2

Action                   |  1- 3 |  4- 6 |  7- 9 || total
-------------------------+-------+-------+-------++-------
Melee: Shortbow          |       |     1 |       ||     1
 Fire: Shortbow          |    63 |   152 |   130 ||   345
Invok: Recall Undead Har |     1 |     2 |     1 ||     4
       Dark Bargain      |       |     1 |       ||     1
  Use: Potion            |     2 |     4 |     2 ||     8
       Scroll            |       |     8 |     3 ||    11
Armor: Leather armour    |       |     5 |       ||     5
       Scale mail        |       |    54 |    46 ||   100
Dodge: Dodged            |    12 |    68 |    47 ||   127
Block: Other             |     3 |    22 |    25 ||    50
